[Event "November 21 Late 2023"]
[Site "https://www.chess.com"]
[Date "2023.11.21"]
[Round "6"]
[White "Dias, Joao Batista"]
[Black "Bogaudinov, Rushan"]
[Result "0-1"]
[Board "114"]
[TimeControl "180+1"]
[WhiteFideId "2108240"]
[BlackFideId "4129288"]
[WhiteElo "1907"]
[BlackElo "1908"]
[WhiteTeam "BRA"]
[BlackTeam "RUS"]
[WhiteClock "0:00:00"]
[BlackClock "0:00:07"]

1. e4 e6 2. d4 a6 3. Bd3 b5 4. Ne2 Bb7 5. O-O d6 6. f3 c5 7. c3 Nf6 8. Be3 h5 9. h4 Be7 10. Bg5 Nbd7 11. Qe1 Qb6 12. Qf2 O-O 13. a4 c4 14. Bc2 b4 15. Nd2 Rac8 16. a5 Qa7 17. cxb4 Ba8 18. Be3 Qb8 19. Rfb1 Qxb4 20. Nc3 Rb8 21. Ra4 Qb7 22. Nxc4 d5 23. Ne5 Rfc8 24. Nxd7 Nxd7 25. e5 Nf8 26. Bd3 Qd7 27. Raa1 Bb7 28. Na4 Qd8 29. Nb6 Rc7 30. g3 Nd7 31. Nxd7 Qxd7 32. Rc1 Rbc8 33. Qd2 g6 34. Rc3 Kg7 35. Rac1 Bd8 36. Kg2 Qa4 37. Rxc7 Rxc7 38. Rxc7 Bxc7 39. Qc2 Qxc2+ 40. Bxc2 Bxa5 41. Bd3 Kf8 42. Bc1 Bb4 43. Kf2 Ke7 44. Ke3 Be1 45. g4 Bxh4 46. gxh5 gxh5 47. Ke2 Bg3 48. Bg5+ Kf8 49. Kf1 Kg7 50. Kg2 Be1 51. Be7 a5 52. Bb5 Kh6 53. Kh3 Bb4 54. Be8 Kg7 55. Bb5 Bxe7 56. Ba4 Ba6 57. b3 Bd3 58. Kg3 Bf5 59. Kg2 h4 60. Bb5 h3+ 61. Kh2 Bg5 62. Kh1 Be3 0-1

[Event "November 21 Late 2023"]
[Site "https://www.chess.com"]
[Date "2023.11.21"]
[Round "6"]
[White "Lutz, Igor Oscar"]
[Black "szachmistrz2500"]
[Result "0-1"]
[Board "115"]
[TimeControl "180+1"]
[WhiteFideId "2110806"]
[WhiteElo "1765"]
[BlackElo "2428"]
[WhiteTeam "BRA"]
[WhiteClock "0:00:26"]
[BlackClock "0:01:14"]

1. d4 Nf6 2. c4 g6 3. Nc3 Bg7 4. Nf3 O-O 5. e4 d6 6. Be2 e5 7. Be3 Ng4 8. Bg5 Bf6 9. Bxf6 Qxf6 10. h3 Nh6 11. d5 Na6 12. Qd2 Kg7 13. g4 Qf4 14. Qxf4 exf4 15. g5 Ng8 16. h4 Re8 17. h5 Nc5 18. h6+ Kh8 19. Nd2 f6 20. gxf6 Nxf6 21. f3 Bd7 22. b4 Na6 23. a3 g5 24. Rg1 Rg8 25. Nb3 Rg6 26. b5 Nb8 27. Nd4 a6 28. Kd2 Ng8 29. Rg2 Nxh6 30. Rag1 Nf7 31. Nf5 axb5 32. Nxb5 Bxb5 33. cxb5 Nd7 34. Ne7 Rg7 35. Nf5 Rgg8 36. Ra1 Nc5 37. Ne7 Rge8 38. Nf5 Nb3+ 0-1

[Event "November 21 Late 2023"]
[Site "https://www.chess.com"]
[Date "2023.11.21"]
[Round "6"]
[White "DAVIDHDZSTS"]
[Black "Wu, Derek"]
[Result "0-1"]
[Board "116"]
[TimeControl "180+1"]
[BlackFideId "30914558"]
[WhiteElo "1865"]
[BlackElo "2211"]
[BlackTeam "USA"]
[WhiteClock "0:00:02"]
[BlackClock "0:00:12"]

1. d4 Nf6 2. Nc3 d5 3. Bf4 c5 4. e4 cxd4 5. Qxd4 Nc6 6. Bb5 Bd7 7. Bxc6 Bxc6 8. e5 Nd7 9. Nf3 e6 10. O-O Qb6 11. Qxb6 Nxb6 12. Nd4 Rc8 13. a4 Bb4 14. Nce2 Bd7 15. b3 a5 16. Rfc1 Ke7 17. Be3 Na8 18. c3 Bc5 19. Nf4 Rhd8 20. Rc2 Ke8 21. Nd3 Be7 22. f4 g6 23. Rac1 Nc7 24. g3 b5 25. axb5 Nxb5 26. Nxb5 Bxb5 27. Nb2 Ba3 28. Bd4 Rd7 29. Kf2 Be7 30. Ke3 g5 31. Ra1 gxf4+ 32. gxf4 Ra8 33. Nd3 Rb7 34. Rg2 Kd7 35. Nc5+ Bxc5 36. Bxc5 Bc6 37. b4 a4 38. Rg7 Kd8 39. Rg8+ Be8 40. Ra3 Kd7 41. Rg7 Kc6 42. Rxh7 Kb5 43. Kd4 Rc8 44. h4 Bc6 45. h5 Rg8 46. h6 Rg3 47. Rg7 Rh3 48. h7 f5 49. exf6 Rxh7 50. Rxb7+ Bxb7 51. Ke5 Bc8 52. Be7 Rh5+ 53. Kd6 Rf5 54. c4+ dxc4 55. Rg3 Rxf4 56. Rg7 c3 57. f7 c2 58. f8=Q Rxf8 59. Bxf8 c1=Q 60. Rg5+ Kb6 61. Re5 Qc7# 0-1

[Event "November 21 Late 2023"]
[Site "https://www.chess.com"]
[Date "2023.11.21"]
[Round "6"]
[White "Martins, Bruno Andre Leite"]
[Black "hristos03"]
[Result "0-1"]
[Board "117"]
[TimeControl "180+1"]
[WhiteFideId "1942255"]
[WhiteElo "2307"]
[BlackElo "2377"]
[WhiteTeam "POR"]
[WhiteClock "0:00:00"]
[BlackClock "0:00:04"]

1. d4 Nf6 2. Nf3 e6 3. g3 c5 4. Bg2 Be7 5. O-O O-O 6. c4 d5 7. cxd5 exd5 8. Nc3 c4 9. Ne5 Nc6 10. Bg5 Be6 11. Qa4 Nxd4 12. Rfd1 Qc7 13. Bf4 Qb6 14. Be3 Bc5 15. b4 Nxe2+ 16. Nxe2 Bxe3 17. fxe3 Qxe3+ 18. Kh1 Qxe5 19. Nd4 Ng4 20. Qc2 Qe3 21. h3 Nf2+ 22. Kh2 Nxd1 23. Rxd1 h6 24. a4 Rac8 25. a5 a6 26. Bf3 Rfe8 27. Kg2 Rcd8 28. Rd2 Qg5 29. Ne2 Bf5 30. Qc3 Qg6 31. Nf4 Qg5 32. Nxd5 Kh7 33. g4 Bg6 34. Qd4 Qh4 35. Qf4 Qg5 36. Qd4 Rd7 37. Qc3 Red8 38. Qxc4 f6 39. Qc3 Qh4 40. Qe3 f5 41. gxf5 Bxf5 42. Bg4 Bxg4 43. hxg4 Qxg4+ 44. Kf2 Rf7+ 45. Ke1 Rdf8 46. Qd3+ Qg6 47. Qxg6+ Kxg6 48. Rd3 Kh7 49. Ke2 Re8+ 50. Kd2 Re6 51. Kc3 Rd6 52. Kc4 Rfd7 53. Kc5 Rc6+ 54. Kd4 h5 55. Ke5 Kh6 56. Rb3 Rcd6 0-1

[Event "November 21 Late 2023"]
[Site "https://www.chess.com"]
[Date "2023.11.21"]
[Round "6"]
[White "Kostiukov, Alexandr"]
[Black "Shapiro, Daniel"]
[Result "1/2-1/2"]
[Board "118"]
[TimeControl "180+1"]
[WhiteFideId "14108100"]
[BlackFideId "2001780"]
[WhiteElo "2144"]
[BlackElo "2324"]
[WhiteTeam "UKR"]
[BlackTeam "USA"]
[WhiteClock "0:00:50"]
[BlackClock "0:00:12"]

1. g3 Nf6 2. Bg2 d5 3. d3 e6 4. e4 Be7 5. e5 Nfd7 6. Qe2 c5 7. Nf3 Nc6 8. O-O Qc7 9. Bf4 h6 10. h4 b6 11. c4 d4 12. Nbd2 Bb7 13. Rfe1 O-O-O 14. h5 g5 15. hxg6 fxg6 16. g4 Rdf8 17. Bg3 Rf7 18. Ne4 g5 19. Nd6+ Bxd6 20. exd6 Qd8 21. Qxe6 Qf6 22. Qxf6 Nxf6 23. Ne5 Nxe5 24. Bxb7+ Kxb7 25. Bxe5 Rd8 26. Bg3 Nxg4 27. Re6 Nf6 28. Rae1 Kc6 29. Re7 Rd7 30. R1e6 Ng8 31. Rxf7 Rxf7 32. Re8 Nf6 33. Rc8+ Kd7 34. Ra8 Ke6 35. Rh8 h5 36. f3 h4 37. Bh2 Kd7 38. Ra8 Ke6 39. Kg2 Nh5 40. Re8+ Kd7 41. Rg8 Nf4+ 42. Bxf4 gxf4 43. Rg6 Rf5 44. Kh3 Re5 45. Kxh4 Re3 46. Kg4 Rxd3 47. Kxf4 Rd2 48. Ke5 Re2+ 49. Kd5 d3 50. Rg7+ Kd8 51. Kc6 d2 52. Rg8+ Re8 53. Rg1 Re1 54. Rg8+ Re8 55. Rg1 Re1 56. Rg8+ Re8 1/2-1/2

[Event "November 21 Late 2023"]
[Site "https://www.chess.com"]
[Date "2023.11.21"]
[Round "6"]
[White "Mendez Machado, Andre"]
[Black "Estrada Nieto, Julian"]
[Result "0-1"]
[Board "119"]
[TimeControl "180+1"]
[WhiteFideId "6603793"]
[BlackFideId "5101018"]
[WhiteElo "1950"]
[BlackElo "2161"]
[WhiteTeam "PAN"]
[BlackTeam "ESP"]
[WhiteClock "0:00:04"]
[BlackClock "0:01:08"]

1. e4 e5 2. Nf3 Nc6 3. Bc4 Bc5 4. c3 Nf6 5. d4 exd4 6. b4 Bb6 7. e5 d5 8. exf6 dxc4 9. Qe2+ Be6 10. b5 Na5 11. fxg7 Rg8 12. cxd4 Rxg7 13. Nc3 Bxd4 14. Nxd4 Qxd4 15. Bb2 Rxg2 16. Ne4 Qd3 17. Nf6+ Ke7 18. Qe5 Qd6 19. Qe4 Qb4+ 20. Kf1 Qxb2 21. Nd5+ Kd6 22. Kxg2 Bxd5 23. Rad1 Rg8+ 24. Kh3 Qc3+ 25. f3 c6 26. bxc6 bxc6 27. Rhe1 Qf6 28. f4 Qh6# 0-1

[Event "November 21 Late 2023"]
[Site "https://www.chess.com"]
[Date "2023.11.21"]
[Round "6"]
[White "Jimenez Fernandez, Rebeca"]
[Black "Gutkin, Ilya"]
[Result "0-1"]
[Board "120"]
[TimeControl "180+1"]
[WhiteFideId "32070934"]
[BlackFideId "16203470"]
[WhiteElo "2015"]
[BlackElo "2248"]
[WhiteTeam "ESP"]
[BlackTeam "GER"]
[WhiteClock "0:00:05"]
[BlackClock "0:00:23"]

1. e4 e5 2. d4 exd4 3. Qxd4 Nc6 4. Qe3 Nf6 5. Nc3 Bb4 6. Bd2 O-O 7. O-O-O d5 8. Nxd5 Nxd5 9. exd5 Bxd2+ 10. Qxd2 Ne5 11. f4 Ng6 12. h3 Qf6 13. Ne2 Rd8 14. g4 c6 15. Bg2 cxd5 16. f5 Ne7 17. Nd4 Nc6 18. g5 Qxd4 19. Qxd4 Nxd4 20. Rxd4 Bxf5 21. Rxd5 Rxd5 22. Bxd5 Rc8 23. c3 Rc7 24. Rf1 Bxh3 25. Re1 Kf8 26. Rh1 Bf5 27. Rf1 Bg6 28. Bb3 Rc5 29. Rg1 h5 30. gxh6 gxh6 31. Kd2 h5 32. Ke3 h4 33. Kd4 Rh5 34. Bd5 h3 35. Bxb7 Rb5 36. Bc8 h2 37. Rh1 Rxb2 38. a4 Bh5 39. Ke3 Ke7 40. Bf5 Kd6 41. Be4 Bg6 42. Bf3 Kc5 43. Be2 Bf5 44. Rxh2 Bg4 45. Rf2 Rxe2+ 46. Rxe2 Bxe2 47. Kxe2 Kc4 48. Kd2 a5 49. Kc2 f5 50. Kd2 Kb3 51. Kd3 Kxa4 52. c4 f4 53. c5 Kb5 54. Kd4 Kc6 55. Ke4 a4 56. Kxf4 a3 57. Ke3 a2 58. Kd2 a1=Q 59. Kc2 Qa3 0-1

[Event "November 21 Late 2023"]
[Site "https://www.chess.com"]
[Date "2023.11.21"]
[Round "6"]
[White "Melikhov, Evgeny V."]
[Black "Sarkar, Justin"]
[Result "1-0"]
[Board "121"]
[TimeControl "180+1"]
[WhiteFideId "4122046"]
[BlackFideId "2010011"]
[WhiteElo "2165"]
[BlackElo "2138"]
[WhiteTeam "GRE"]
[BlackTeam "USA"]
[WhiteClock "0:00:07"]
[BlackClock "0:00:00"]

1. d4 Nf6 2. c4 g6 3. Nc3 Bg7 4. e4 d6 5. f3 O-O 6. Be3 e5 7. d5 c6 8. Bd3 b5 9. Nge2 bxc4 10. Bxc4 Bb7 11. O-O cxd5 12. Nxd5 Nxd5 13. Bxd5 Bxd5 14. Qxd5 Na6 15. a3 Nc7 16. Qc6 d5 17. Rac1 d4 18. Qxc7 dxe3 19. Rfd1 Qxc7 20. Rxc7 Rfc8 21. Rc3 Kf8 22. Rxe3 Rc2 23. Kf2 Bh6 24. Rb3 Rac8 25. h4 R8c7 26. Rdd3 Ke7 27. Ke1 a6 28. g4 Rd7 29. Rxd7+ Kxd7 30. g5 Bf8 31. Rd3+ Kc6 32. Rc3+ Rxc3 33. Nxc3 Bc5 34. Ke2 Bd4 35. Nd1 Kc5 36. Kd3 a5 37. b3 Kb5 38. f4 Ba1 39. f5 Kc5 40. f6 Bd4 41. Ne3 Kb5 42. Ng4 Kc6 43. Nh6 Bf2 44. Nxf7 Bxh4 45. Nxe5+ Kd6 46. Nc4+ 1-0

[Event "November 21 Late 2023"]
[Site "https://www.chess.com"]
[Date "2023.11.21"]
[Round "6"]
[White "Quirke, Jeffrey"]
[Black "Buchenau, Frank"]
[Result "0-1"]
[Board "122"]
[TimeControl "180+1"]
[WhiteFideId "2013029"]
[BlackFideId "4604350"]
[WhiteElo "2237"]
[BlackElo "2157"]
[WhiteTeam "USA"]
[BlackTeam "GER"]
[WhiteClock "0:00:04"]
[BlackClock "0:02:36"]

1. e4 e6 2. Nf3 d5 3. e5 c5 4. b4 cxb4 5. a3 Nc6 6. d4 Bd7 7. axb4 Bxb4+ 8. c3 Ba5 9. Bd3 Nge7 10. O-O b5 11. Ng5 h6 12. Qh5 g6 13. Qh3 b4 14. cxb4 Nxb4 15. Be2 Nc2 0-1

[Event "November 21 Late 2023"]
[Site "https://www.chess.com"]
[Date "2023.11.21"]
[Round "6"]
[White "TheAlienParty"]
[Black "Castillo Pena, Patricia Evarista"]
[Result "1-0"]
[Board "123"]
[TimeControl "180+1"]
[BlackFideId "6412106"]
[WhiteElo "2377"]
[BlackElo "1861"]
[BlackTeam "DOM"]
[WhiteClock "0:01:48"]
[BlackClock "0:01:00"]

1. c4 e6 2. g3 d5 3. Bg2 c6 4. Nf3 Nf6 5. b3 Be7 6. Bb2 O-O 7. O-O Nbd7 8. d4 Ne4 9. Nfd2 f5 10. f3 Ng5 11. Nc3 f4 12. gxf4 Rxf4 13. Qe1 Rf6 14. e4 Rg6 15. Kh1 dxc4 16. Nxc4 Bb4 17. a3 Ba5 18. b4 Bb6 19. Rd1 Qe7 20. Nxb6 axb6 21. d5 exd5 22. exd5 Qxe1 23. Rfxe1 Nf6 24. f4 Nf7 25. dxc6 bxc6 26. Bxc6 Rb8 27. Nd5 Nxd5 28. Re8# 1-0

[Event "November 21 Late 2023"]
[Site "https://www.chess.com"]
[Date "2023.11.21"]
[Round "6"]
[White "Schmakel, Sam"]
[Black "Vila Dupla, Aurelio"]
[Result "1-0"]
[Board "124"]
[TimeControl "180+1"]
[WhiteFideId "2039311"]
[BlackFideId "2203383"]
[WhiteElo "2356"]
[BlackElo "2009"]
[WhiteTeam "USA"]
[BlackTeam "ESP"]
[WhiteClock "0:01:31"]
[BlackClock "0:00:43"]

1. d4 Nf6 2. Nf3 g6 3. Nc3 d5 4. Bf4 Bg7 5. Qd2 O-O 6. Bh6 c5 7. dxc5 Ne4 8. Nxe4 dxe4 9. Bxg7 Kxg7 10. Nd4 Na6 11. e3 Qc7 12. Bxa6 bxa6 13. Qc3 e5 14. Nb3 Be6 15. Na5 Kg8 16. O-O f5 17. Rfd1 f4 18. Rd6 Rae8 19. Qxe5 Bxa2 20. Rxg6+ hxg6 21. Qxc7 1-0

[Event "November 21 Late 2023"]
[Site "https://www.chess.com"]
[Date "2023.11.21"]
[Round "6"]
[White "rikchessmx"]
[Black "Golubev, Mikhail"]
[Result "1-0"]
[Board "125"]
[TimeControl "180+1"]
[BlackFideId "14100983"]
[WhiteElo "2295"]
[BlackElo "2352"]
[BlackTeam "UKR"]
[WhiteClock "0:01:53"]
[BlackClock "0:00:14"]

1. e4 c5 2. Nf3 Nc6 3. d4 cxd4 4. Nxd4 Nf6 5. Nxc6 bxc6 6. Bd3 e5 7. O-O Be7 8. c4 O-O 9. Nc3 Rb8 10. b3 Qa5 11. Bb2 Ba3 12. Qc2 Bxb2 13. Qxb2 d5 14. exd5 cxd5 15. cxd5 Nxd5 16. Nxd5 Qxd5 17. Rad1 Qc5 18. Rfe1 Re8 19. Rc1 Qd6 20. Bc4 Bb7 21. f3 e4 22. fxe4 Bxe4 23. Qf2 Qb6 24. Bxf7+ 1-0

[Event "November 21 Late 2023"]
[Site "https://www.chess.com"]
[Date "2023.11.21"]
[Round "6"]
[White "Herman, Matthew"]
[Black "Vemparala, Nikash"]
[Result "0-1"]
[Board "126"]
[TimeControl "180+1"]
[WhiteFideId "2028964"]
[BlackFideId "30960967"]
[WhiteElo "2368"]
[BlackElo "2069"]
[WhiteTeam "USA"]
[BlackTeam "USA"]
[WhiteClock "0:00:00"]
[BlackClock "0:00:05"]

1. e4 e5 2. Nf3 Nc6 3. Bc4 Bc5 4. d3 Nf6 5. c3 d6 6. a4 a5 7. Bg5 Ba7 8. Nbd2 h6 9. Bh4 g5 10. Bg3 Be6 11. Bb5 Qd7 12. d4 g4 13. d5 gxf3 14. Qxf3 Ng8 15. Bh4 Nge7 16. h3 O-O-O 17. Bxe7 Qxe7 18. dxc6 Rhf8 19. Qd3 Kb8 20. Nc4 f5 21. Nxa5 fxe4 22. Qxe4 Bxf2+ 23. Kd1 d5 24. Qe2 d4 25. Kc2 Bf5+ 26. Kb3 d3 27. Qd1 Be6+ 28. c4 Bb6 29. Nxb7 Rd4 30. a5 Ba7 31. Ra4 Rff4 32. Re1 e4 33. Qh5 d2 34. Rd1 Rd3+ 35. Ka2 e3 36. Qxh6 Rf8 37. Qh5 Bf5 38. Qe2 Bg6 0-1

[Event "November 21 Late 2023"]
[Site "https://www.chess.com"]
[Date "2023.11.21"]
[Round "6"]
[White "ExchangeAB"]
[Black "Bazzano, Sebastian"]
[Result "1-0"]
[Board "127"]
[TimeControl "180+1"]
[BlackFideId "104566"]
[WhiteElo "2477"]
[BlackElo "2278"]
[BlackTeam "ARG"]
[WhiteClock "0:00:50"]
[BlackClock "0:01:00"]

1. Nf3 Nf6 2. b3 d5 3. Bb2 c5 4. e3 Nc6 5. Bb5 e6 6. O-O Bd6 7. Ne5 Qc7 8. f4 O-O 9. Bxc6 bxc6 10. d3 Nd7 11. Nxd7 Bxd7 12. Qh5 f6 13. Nd2 e5 14. fxe5 fxe5 15. e4 Be8 16. Rxf8+ Bxf8 17. Qxe5 Qxe5 18. Bxe5 a5 19. a4 Bg6 20. Bc3 Kf7 21. Rf1+ Ke6 22. Re1 Kd7 23. h3 d4 24. Bb2 Re8 25. Nc4 Bd6 26. Nxa5 Bg3 27. Rf1 Bh5 28. Bc1 Re7 29. Bf4 Bh4 30. g4 Bg6 31. Nc4 1-0

[Event "November 21 Late 2023"]
[Site "https://www.chess.com"]
[Date "2023.11.21"]
[Round "6"]
[White "Minko, Dmitry"]
[Black "Lopez, Nelson M, Ii"]
[Result "1-0"]
[Board "128"]
[TimeControl "180+1"]
[WhiteFideId "24188468"]
[BlackFideId "2027895"]
[WhiteElo "1992"]
[BlackElo "2272"]
[WhiteTeam "FID"]
[BlackTeam "USA"]
[WhiteClock "0:00:53"]
[BlackClock "0:00:00"]

1. e4 e5 2. Nf3 Nc6 3. d4 exd4 4. Nxd4 Nxd4 5. Qxd4 Qf6 6. e5 Qb6 7. Qe4 Qc6 8. Nc3 Qxe4+ 9. Nxe4 b6 10. Bd3 Bb7 11. O-O O-O-O 12. Bf4 h6 13. Rad1 g5 14. Bg3 Bg7 15. Rfe1 Re8 16. Nc3 Ne7 17. Nb5 Nc6 18. Bf5 Re7 19. f4 a6 20. Nc3 gxf4 21. Bxf4 Bxe5 22. Nd5 Bd4+ 23. Kf1 Rxe1+ 24. Rxe1 Bxb2 25. Ne7+ Nxe7 26. Rxe7 Bc6 27. Rxf7 h5 28. h3 Re8 29. g4 hxg4 30. hxg4 Bb5+ 31. Kf2 Bd4+ 32. Kg3 Be5 33. g5 Bxf4+ 34. Kxf4 Kd8 35. g6 Re7 36. g7 Rxf7 37. g8=Q+ Ke7 38. Ke4 Bc6+ 39. Kf4 Rf6 40. Qg7+ Rf7 41. Qe5+ Kd8 42. Qh8+ Ke7 43. Kg5 Rf8 44. Qg7+ Rf7 45. Qe5+ Kd8 46. Qh8+ Ke7 47. Bg6 Rf8 48. Qg7+ 1-0

[Event "November 21 Late 2023"]
[Site "https://www.chess.com"]
[Date "2023.11.21"]
[Round "6"]
[White "Figorito, Nick"]
[Black "Butti, Enrique"]
[Result "1/2-1/2"]
[Board "129"]
[TimeControl "180+1"]
[WhiteFideId "30923689"]
[BlackFideId "3700470"]
[WhiteElo "2366"]
[BlackElo "2080"]
[WhiteTeam "USA"]
[BlackTeam "PAR"]
[WhiteClock "0:00:26"]
[BlackClock "0:00:24"]

1. Nf3 d5 2. g3 c5 3. Bg2 Nf6 4. O-O e6 5. d4 Nc6 6. c4 dxc4 7. Ne5 Nxd4 8. e3 Nc6 9. Bxc6+ bxc6 10. Qxd8+ Kxd8 11. Nxf7+ Ke8 12. Nxh8 Bd6 13. Na3 Ba6 14. Rd1 Ke7 15. e4 Nxe4 16. Be3 Rxh8 17. Rac1 c3 18. bxc3 Rf8 19. Nb1 Be2 20. Re1 Bf3 21. Nd2 Nxd2 22. Bxd2 c4 23. Be3 c5 24. Rb1 Kd7 25. Rb5 Kc6 26. a4 a6 27. Rb2 Rf5 28. Reb1 Bc7 29. Rd2 Ba5 30. Rc1 Rd5 31. h3 Be4 32. Bf4 Bd3 33. f3 e5 34. Be3 Bc7 35. Kf2 Rd7 36. Rb2 Rf7 37. Kg2 h6 38. h4 e4 39. f4 g6 40. Rd1 h5 41. Rc1 Ba5 42. Bd2 Rd7 43. Be3 Rf7 44. Kf2 Rd7 45. Kg2 Rf7 1/2-1/2

[Event "November 21 Late 2023"]
[Site "https://www.chess.com"]
[Date "2023.11.21"]
[Round "6"]
[White "Padalka, Artem"]
[Black "Bullen, Alex"]
[Result "1-0"]
[Board "130"]
[TimeControl "180+1"]
[WhiteFideId "14118637"]
[BlackFideId "1801627"]
[WhiteElo "2056"]
[BlackElo "2078"]
[WhiteTeam "POL"]
[BlackTeam "WLS"]
[WhiteClock "0:00:55"]
[BlackClock "0:01:28"]

1. Nf3 d5 2. c4 e6 3. g3 Nf6 4. Bg2 Be7 5. O-O O-O 6. d3 dxc4 7. dxc4 Qxd1 8. Rxd1 Rd8 9. Rxd8+ Bxd8 10. Nc3 Nc6 11. Bf4 h6 12. Nb5 Ne8 13. Rd1 a6 14. Nbd4 Bd7 15. Ne5 Nxe5 16. Bxe5 f6 17. Nb3 Ba4 18. Bc3 c6 19. Rd7 Bxb3 20. axb3 Rb8 21. Bh3 e5 22. Be6+ Kh8 23. Rf7 Nd6 24. Rf8+ Kh7 25. Bg8+ Kg6 26. Bb4 Bc7 27. Rxb8 Bxb8 28. Bc5 Ne4 29. Bb6 Nd2 30. b4 Bd6 31. c5 Be7 32. f3 Nc4 33. Bxc4 1-0

[Event "November 21 Late 2023"]
[Site "https://www.chess.com"]
[Date "2023.11.21"]
[Round "6"]
[White "Broca Jimenez, Fernando"]
[Black "Gallegos Diaz, Carlos Alberto"]
[Result "0-1"]
[Board "131"]
[TimeControl "180+1"]
[WhiteFideId "5104742"]
[BlackFideId "3900886"]
[WhiteElo "2062"]
[BlackElo "2362"]
[WhiteTeam "MEX"]
[BlackTeam "VEN"]
[WhiteClock "0:00:09"]
[BlackClock "0:00:18"]

1. e4 c5 2. c3 Nf6 3. e5 Nd5 4. d4 e6 5. Nf3 cxd4 6. Bc4 Nb6 7. Bb3 d5 8. exd6 dxc3 9. Nxc3 Qxd6 10. Qe2 Nc6 11. O-O a6 12. Rd1 Qc7 13. Bg5 Be7 14. Bxe7 Qxe7 15. Qe3 Nd7 16. Ne4 O-O 17. Rac1 Nf6 18. Nd6 Nd5 19. Bxd5 exd5 20. Qxe7 Nxe7 21. Rc7 Ng6 22. Rxd5 Be6 23. Rd1 b5 24. a3 Rfd8 25. Rcc1 Bb3 26. Rd2 Nf4 27. Ne4 Rxd2 28. Nfxd2 Ne2+ 29. Kf1 Nxc1 30. Nxb3 Nxb3 0-1

[Event "November 21 Late 2023"]
[Site "https://www.chess.com"]
[Date "2023.11.21"]
[Round "6"]
[White "Elbebiber"]
[Black "Szente Varga, Fruzsina"]
[Result "0-1"]
[Board "132"]
[TimeControl "180+1"]
[BlackFideId "712264"]
[WhiteElo "2183"]
[BlackElo "1994"]
[BlackTeam "HUN"]
[WhiteClock "0:00:12"]
[BlackClock "0:01:20"]

1. d4 Nf6 2. Bg5 g6 3. Bxf6 exf6 4. e3 d5 5. g3 Bg7 6. Bg2 O-O 7. Ne2 c6 8. O-O Bg4 9. h3 Bf5 10. Nd2 Qd7 11. Kh2 h5 12. h4 Na6 13. Nf4 Bg4 14. Qc1 g5 15. Nd3 gxh4 16. gxh4 Qd6+ 17. f4 Rae8 18. Re1 f5 19. Nf3 Qf6 20. Kg3 Qg6 21. Nde5 Bxe5 22. Nxe5 Qg7 23. Kh2 f6 24. Nf3 Nc7 25. Qd2 Nb5 26. Rg1 Nd6 27. Rae1 Kh7 28. Qd3 Kh6 29. Nd2 Re7 30. Qf1 Rfe8 31. Qf2 Re6 32. Bf3 Qe7 33. Bxg4 fxg4 34. Rg3 f5 35. c3 Qxh4+ 36. Kg2 Qe7 37. Kg1 h4 38. Rg2 Rxe3 39. Rf1 Re2 0-1

[Event "November 21 Late 2023"]
[Site "https://www.chess.com"]
[Date "2023.11.21"]
[Round "6"]
[White "Hoffmann, Asa"]
[Black "kinghunter183"]
[Result "0-1"]
[Board "133"]
[TimeControl "180+1"]
[WhiteFideId "2001470"]
[WhiteElo "2117"]
[BlackElo "2138"]
[WhiteTeam "USA"]
[WhiteClock "0:00:47"]
[BlackClock "0:00:04"]

1. d4 e5 2. Nf3 exd4 3. Nxd4 d5 4. Bf4 Nf6 5. e3 c5 6. Nf3 Nc6 7. c3 Bd6 8. Bg3 Bg4 9. Be2 O-O 10. O-O Bxg3 11. hxg3 Qc7 12. Nbd2 Rad8 13. Qc2 Ne5 14. Rfd1 Nxf3+ 15. gxf3 Be6 16. f4 Rfe8 17. Nf3 Ne4 18. Bd3 Bg4 19. Bxe4 Rxe4 20. Kg2 Qc6 21. Ne5 Rxe5 22. fxe5 d4+ 23. e4 Bxd1 24. Rxd1 Qe6 25. cxd4 cxd4 26. f4 Qxa2 27. Rxd4 Qa5 28. Rd6 h6 29. Qd3 Rc8 30. e6 fxe6 31. Rxe6 Qb4 32. Qd5 Qxb2+ 33. Kf3 Rc3+ 34. Kg4 Qe2+ 35. Kh4 Qh2+ 36. Kg4 Rxg3+ 37. Kf5 Qh5# 0-1

[Event "November 21 Late 2023"]
[Site "https://www.chess.com"]
[Date "2023.11.21"]
[Round "6"]
[White "Desideri, Ricardo Maruchi"]
[Black "Antonio, Jorge Carlos"]
[Result "1-0"]
[Board "134"]
[TimeControl "180+1"]
[WhiteFideId "2110440"]
[BlackFideId "113190"]
[WhiteElo "1945"]
[BlackElo "2247"]
[WhiteTeam "BRA"]
[BlackTeam "ARG"]
[WhiteClock "0:00:16"]
[BlackClock "0:00:15"]

1. e4 c5 2. Nf3 e6 3. d4 cxd4 4. Nxd4 a6 5. Nc3 Nc6 6. Be3 Bb4 7. Qd2 Nf6 8. f3 d5 9. O-O-O dxe4 10. Qf2 Bxc3 11. bxc3 Qa5 12. Nxc6 bxc6 13. Bc5 Qxc3 14. Be2 e3 15. Bxe3 O-O 16. Bd4 Qa3+ 17. Bb2 Qxa2 18. Bxf6 gxf6 19. Bd3 f5 20. Qh4 Qa1+ 21. Kd2 Qg7 22. g4 f4 23. g5 e5 24. Qh5 Be6 25. h4 Rfd8 26. Ke2 c5 27. Be4 Bc4+ 28. Kf2 Rxd1 29. Rxd1 a5 30. Bxa8 a4 31. Be4 a3 32. Rd8+ Qf8 33. Qxh7# 1-0

[Event "November 21 Late 2023"]
[Site "https://www.chess.com"]
[Date "2023.11.21"]
[Round "6"]
[White "katharinareinecke"]
[Black "Modric, Nesa"]
[Result "0-1"]
[Board "135"]
[TimeControl "180+1"]
[BlackFideId "922579"]
[WhiteElo "1986"]
[BlackElo "2167"]
[BlackTeam "SRB"]
[WhiteClock "0:00:23"]
[BlackClock "0:01:16"]

1. d4 Nf6 2. c4 e6 3. Nf3 d5 4. g3 Be7 5. Bg2 O-O 6. O-O dxc4 7. Ne5 c5 8. dxc5 Qc7 9. Nxc4 Rd8 10. Qc2 Nc6 11. a3 Nd4 12. Qc3 Nxe2+ 13. Kh1 Nxc3 14. Nxc3 Bxc5 15. Bf4 Qe7 16. Nb5 Nd5 17. Be5 Bd7 18. Nbd6 Bc6 19. Ne4 Bb6 20. b4 Bb5 21. Rfc1 Bxc4 22. Rxc4 Rac8 23. Rac1 Rxc4 24. Rxc4 f6 25. Bb2 Qd7 26. a4 Rc8 27. Rxc8+ Qxc8 28. Nd6 Qc2 0-1

[Event "November 21 Late 2023"]
[Site "https://www.chess.com"]
[Date "2023.11.21"]
[Round "6"]
[White "Rose, Felix"]
[Black "Vargas, Mauricio"]
[Result "1-0"]
[Board "136"]
[TimeControl "180+1"]
[WhiteFideId "5105722"]
[BlackFideId "4404572"]
[WhiteElo "2039"]
[BlackElo "1988"]
[WhiteTeam "MEX"]
[BlackTeam "COL"]
[WhiteClock "0:01:28"]
[BlackClock "0:00:00"]

1. e4 c5 2. Nf3 Nc6 3. d4 cxd4 4. Nxd4 g6 5. c4 Bg7 6. Be3 d6 7. Nc3 Bd7 8. Be2 Rc8 9. Rc1 Nf6 10. f3 O-O 11. O-O a6 12. Qd2 Ne5 13. b3 b5 14. cxb5 axb5 15. Bxb5 Be6 16. a4 Bd7 17. Bxd7 Nfxd7 18. Ncb5 Nc5 19. Bh6 Qb6 20. Bxg7 Kxg7 21. Kh1 h5 22. a5 Qb8 23. b4 1-0

[Event "November 21 Late 2023"]
[Site "https://www.chess.com"]
[Date "2023.11.21"]
[Round "6"]
[White "SergioMoralesG"]
[Black "Thake, Conrad"]
[Result "1-0"]
[Board "137"]
[TimeControl "180+1"]
[BlackFideId "5602947"]
[WhiteElo "2346"]
[BlackElo "1685"]
[BlackTeam "MLT"]
[WhiteClock "0:01:12"]
[BlackClock "0:01:09"]

1. d4 e6 2. c4 b6 3. Nf3 Bb7 4. g3 f5 5. Bg2 Nf6 6. Nc3 Bb4 7. Qb3 Bxc3+ 8. Qxc3 O-O 9. O-O Ne4 10. Qc2 d6 11. b4 Nd7 12. Bb2 Ndf6 13. Rfd1 Qe7 14. a4 Rac8 15. a5 Rfd8 16. axb6 axb6 17. Ra7 Rb8 18. b5 g5 19. Rda1 d5 20. c5 bxc5 21. dxc5 Qxc5 22. Qxc5 Nxc5 23. Bxf6 1-0

[Event "November 21 Late 2023"]
[Site "https://www.chess.com"]
[Date "2023.11.21"]
[Round "6"]
[White "Gerbelli Neto, Eduardo"]
[Black "Blackwhite017"]
[Result "1-0"]
[Board "138"]
[TimeControl "180+1"]
[WhiteFideId "2103281"]
[WhiteElo "2178"]
[BlackElo "2036"]
[WhiteTeam "BRA"]
[WhiteClock "0:02:00"]
[BlackClock "0:00:00"]

1. e4 c5 2. Nc3 Nc6 3. f4 g6 4. Nf3 Bg7 5. Bc4 e6 6. f5 Nd4 7. fxe6 dxe6 8. d3 Ne7 9. Bg5 h6 10. Bh4 a6 11. O-O 1-0